 Dungeon Crawl Stone Soup version 0.30-b1-2-g02819fbbbe (webtiles) character file.

Game seed: 13529426908712926796

277 Alarkh the Cutter (level 6, 26/47 HPs)
             Began as a Demonspawn Artificer on Nov 22, 2023.
             Got out of the dungeon alive.
             The game lasted 00:02:08 (1563 turns).

Alarkh the Cutter (Demonspawn Artificer)            Turns: 1563, Time: 00:02:09

Health: 26/47      AC:  3    Str: 13    XL:     6   Next: 4%
Magic:  6/6        EV: 11    Int: 14    God:
Gold:   87         SH:  0    Dex: 13    Spells: 5/5 levels left

rFire   . . .        a - +0 dagger (speed)
rCold   . . .        (no shield)
rNeg    . . .        b - +0 leather armour
rPois   .            (no helmet)
rElec   .            (no cloak)
rCorr   .            (no gloves)
SInv    .            (no boots)
Will    .....        (no amulet)
Stlth   ++           (no ring)
HPRegen 0.27/turn    (no ring)
MPRegen 0.10/turn

%: no passive effects
@: no status effects
A: foul stench 1, demonic touch 1
a: no special abilities


You escaped.
You visited 1 branch of the dungeon, and saw 2 of its levels.

You collected 87 gold pieces.

Inventory:

Hand Weapons
 a - a +0 dagger of speed (weapon)
 k - a +0 short sword
Armour
 b - a +0 leather armour (worn)
Magical Staves
 v - a staff of death
Jewellery
 t - a ring of positive energy
Wands
 c - a wand of flame (22) (quivered)
 d - a wand of charming (15)
 e - a wand of iceblast (3)
Scrolls
 f - a scroll of identify {unknown}
 i - 2 scrolls of noise
 j - a scroll of immolation {unknown}
 l - 3 scrolls of teleportation
 o - a scroll of magic mapping
 q - a scroll of enchant armour {unknown}
 r - a scroll of poison {unknown}
 u - a scroll of torment {unknown}
Potions
 g - 2 potions of curing {unknown}
 h - 2 potions of ambrosia {unknown}
 m - a potion of flight {unknown}
 n - a potion of haste {unknown}
 p - a potion of might
 s - a potion of cancellation {unknown}


   Skills:
 + Level 3.6 Fighting
 * Level 3.6 Short Blades
 - Level 1.7 Armour
 - Level 0.8 Dodging
 + Level 2.4 Stealth
 - Level 3.0 Evocations


You had 5 spell levels left.
You didn't know any spells.
Your spell library contained the following spells:

 Spells                   Type           Power      Damage    Failure   Level
 Magic Dart               Conj           0%         1d3       36%         1
 Ensorcelled Hibernation  Hex/Ice        0%         N/A       50%         2
 Passwall                 Tmut/Erth      0%         N/A       50%         2
 Searing Ray              Conj           0%         2d4       50%         2
 Call Canine Familiar     Summ           0%         N/A       73%         3
 Portal Projectile        Hex/Tloc       0%         N/A       73%         3
 Swiftness                Air            0%         N/A       73%         3
 Fulminant Prism          Conj/Hex       0%         3d5       98%         4
 Leda's Liquefaction      Hex/Erth       0%         N/A       98%         4


Dungeon Overview and Level Annotations

Branches:
Dungeon (2/15)

Altars:

Shops:
D:2 *


Innate Abilities, Weirdness & Mutations

You may rarely emit foul miasma when damaged in melee.
Your touch may inflict minor irresistible damage on your foes.


Message History

Found a runed translucent door.
There is a stone staircase leading down here.
You open the door.
Crazy Yiuf shouts!
Crazy Yiuf zaps a wand.
The puff of flame hits you!
Crazy Yiuf hits you with a +4 quarterstaff of chaos!
You convulse.
There is an open translucent door, spattered with blood here.
You are too injured to fight recklessly!
You are too injured to fight recklessly!
You are too injured to fight recklessly!
Aiming: Iceblast
Press: ? - help, Shift-Dir - straight line The mass of ice explodes!
The iceblast engulfs Crazy Yiuf!
Crazy Yiuf is heavily wounded.
Crazy Yiuf hits you with a +4 quarterstaff of chaos!
* * * LOW HITPOINT WARNING * * *
Crazy Yiuf burns you.
* * * LOW HITPOINT WARNING * * *
Aiming: Iceblast
Press: ? - help, Shift-Dir - straight line The mass of ice explodes!
The iceblast engulfs Crazy Yiuf!
You kill Crazy Yiuf!
You have reached level 6!
c - a wand of flame (22) (gained 7 charges)
Things that are here:
a +4 quarterstaff of chaos; a +0 cloak You see here a +0 hammer of protection.
(D) Dungeon
Where to? (Enter - D:2, ? - help)
What level of the Dungeon? (default 1, ? - help)
There is an open translucent door, spattered with blood here.
There is a stone staircase leading up here.
You climb upwards.
There is a stone staircase leading down here.
There is a staircase leading out of the dungeon here.
Are you sure you want to leave the Dungeon?
This will make you lose the game! [Y]es or [N]o only, please.
Are you sure you want to leave the Dungeon?
This will make you lose the game!
You have escaped!

#######...........#
.............####.#
.###########.# #.# ÷#### #.#
##.## ÷...# #.###...## ###.#
#.##.#.#.## #.# #.#.##.##.#
#.# ################# ###.#
####8@8#####....# ....#
##.........#####.# ....#
#8.........8# #.# .P..#
#...8...8...####.# ♣♣..#
#8.........8#.##.#
♣..########.........##.##.#
♣♣P.....................##.#
....#############...###.##.#
.........>....# #.#.....##.#


There were no monsters in sight!

Vanquished Creatures
  Sigmund (D:2)
  Crazy Yiuf (D:2)
  Jessica (D:2)
  2 dart slugs
  A ball python (D:1)
  3 endoplasms (D:1)
  A giant cockroach (D:1)
  2 goblins
  7 hobgoblins
  3 jackals (D:1)
  3 quokkas (D:1)
  A bat (D:1)
  2 frilled lizards (D:2)
  7 kobolds
  A rat (D:2)
36 creatures vanquished.

Vanquished Creatures (others)
  4 plants (D:1)
4 creatures vanquished.

Grand Total: 40 creatures vanquished

Notes
Turn   | Place    | Note
-------+----------+-------------------------------------------
     0 | D:1      | Alarkh the Demonspawn Artificer began the quest for the
                  | Orb.
     0 | D:1      | Reached XP level 1. HP: 15/15 MP: 1/1
   107 | D:1      | You fall into a shaft and drop 1 floor!
   224 | D:2      | Gained mutation: Your touch may inflict minor irresistible
                  | damage on your foes. [demonic ancestry]
   224 | D:2      | Reached XP level 2. HP: 19/22 MP: 2/2
   284 | D:2      | Noticed Jessica
   289 | D:2      | Killed Jessica
   290 | D:2      | Reached skill level 1 in Short Blades
   290 | D:2      | Reached XP level 3. HP: 25/28 MP: 3/3
   541 | D:1      | Reached skill level 1 in Stealth
  1007 | D:2      | Noticed Sigmund
  1023 | D:2      | Killed Sigmund
  1024 | D:2      | Gained mutation: You may rarely emit foul miasma when
                  | damaged in melee. [demonic ancestry]
  1024 | D:2      | Reached XP level 4. HP: 35/35 MP: 4/4
  1024 | D:2      | Reached XP level 5. HP: 41/41 MP: 5/5
  1341 | D:2      | Found Sahutoga's General Store.
  1378 | D:2      | Found a runed translucent door.
  1379 | D:2      | Noticed Crazy Yiuf
  1481 | D:2      | Killed Crazy Yiuf
  1482 | D:2      | Reached XP level 6. HP: 4/47 MP: 6/6
  1563 | D:$      | Got out of the dungeon alive.

Illustrated notes

Levels and vault maps discovered:
D:1:      mrwooster_arrival_statue_2, layout_loops_ring, kennysheep_boxes
D:2:      layout_loops_ring, serial_shops, shop, uniq_crazy_yiuf_cottage,
          uniq_sigmund, uniq_jessica

Skill      XL: |  1  2  3 |
---------------+----------+-----
Fighting       | 2 3 |  3.6
Short Blades   | 1 3 |  3.6
Stealth        | 2 |  2.4
Armour         | |  1.7
Dodging        | |  0.8
Evocations     | |  3.0

Action                     |  1- 3 |  4- 6 || total
---------------------------+-------+-------++-------
  Melee: Club              |    25 |       ||    25
         Dagger            |    71 |     8 ||    79
         Touch             |    22 |     1 ||    23
         Short sword       |     1 |       ||     1
         Punch             |     1 |       ||     1
  Evoke: Wand              |       |     2 ||     2
    Use: Scroll            |     3 |       ||     3
   Stab: Sleeping          |     2 |       ||     2
         Distracted        |       |     1 ||     1
 Armour: Leather armour    |    11 |     1 ||    12
  Dodge: Dodged            |    44 |     3 ||    47
